 Dungeon Crawl Stone Soup version 0.20.0-6-gd3061e9 (webtiles) character file.

2088 zhorgal the Grappler (level 9, -2/45 HPs)
             Began as a Vine Stalker Earth Elementalist on May 28, 2017.
             Was a Priest of Okawaru.
             Slain by an orc warrior
             ... wielding a +0 long sword
              (8 damage)
             ... on level 7 of the Dungeon.
             The game lasted 00:26:00 (8739 turns).

zhorgal the Grappler (VSEE)                         Turns: 8739, Time: 00:26:02

Health: -2/45      AC: 15    Str: 15    XL:     9   Next: 27%
Magic:  0/13       EV: 10    Int: 15    God:    Okawaru [***...]
Gold:   330        SH:  0    Dex: 16    Spells: 11/12 levels left

rFire    . . .     SeeInvis .     - Unarmed
rCold    . . .     Gourm    .   (no shield)
rNeg     . . .     Faith    +   f - +3 chain mail
rPois    .         Spirit   +   w - +0 helmet (curse)
rElec    .         Reflect  .   (no cloak)
rCorr    .         Harm     .   (no gloves)
MR       +....                  (no boots)
Stlth    +.........             B - amulet of faith
Regen    0.6/turn               y - ring of flight
MPRegen  0.2/turn               m - ring of wizardry

@: heroism
A: fangs 3, agile 1, blink, regeneration 1, magic shield, antimagic bite, no
potion heal 3, rot immunity
a: Blink, Heroism, Renounce Religion, Evoke Flight


You were on level 7 of the Dungeon.
You worshipped Okawaru.
Okawaru was most pleased with you.
You were not hungry.

You visited 1 branch of the dungeon, and saw 7 of its levels.

You collected 330 gold pieces.

Inventory:

Hand Weapons
 n - the +3 long sword of the Middle {slice, rC+ rN+ Int-2, unknown}
   (You found it on level 6 of the Dungeon)

   It inflicts extra damage upon your enemies.
   It affects your intelligence (-2).
   It protects you from cold.
   It protects you from negative energy.
 q - a +0 lajatang of electrocution
Missiles
 b - 224 stones (quivered)
 u - 6 javelins
 z - a throwing net
 K - 3 tomahawks of returning
Armour
 c - a +0 robe
 f - a +3 chain mail (worn)
 w - a cursed +0 helmet (worn)
 E - a +0 troll leather armour
 J - the +3 robe of Knowledge {Str+3, unknown}
   (You found it on level 6 of the Dungeon)

   It affects your strength (+3).
Jewellery
 m - a ring of wizardry (right hand)
 y - a ring of flight (left hand)
 B - an amulet of faith (around neck)
 D - an uncursed amulet of harm {unknown}
 I - an uncursed ring of stealth
Scrolls
 a - 2 scrolls of enchant weapon {unknown}
 i - 4 scrolls of identify
 k - 4 scrolls of teleportation {unknown}
 l - a scroll of fear {unknown}
 t - 2 scrolls of remove curse {unknown}
 v - a scroll of magic mapping
 A - 2 scrolls of blinking {unknown}
 C - a scroll of summoning {unknown}
 L - a scroll of amnesia {unknown}
Potions
 h - a potion of haste
 j - a potion of flight
 p - a potion of curing
 r - a potion of invisibility
 s - a potion of lignification
 x - a potion of berserk rage {unknown}
 H - 2 potions of degeneration {unknown}
 N - a potion of agility {unknown}
Books
 e - a book of Geomancy

   Spells                             Type                      Level
   a - Sandblast                      Earth                        1
   b - Passwall                       Transmutation/Earth          2
   c - Stone Arrow                    Conjuration/Earth            3
   d - Petrify                        Transmutation/Earth          4
   e - Lee's Rapid Deconstruction     Earth                        5
 G - a book of Minor Magic

   Spells                             Type                      Level
   a - Magic Dart                     Conjuration                  1
   b - Blink                          Translocation                2
   c - Call Imp                       Summoning                    2
   d - Slow                           Hexes                        2
   e - Conjure Flame                  Conjuration/Fire             3
   f - Mephitic Cloud                 Conjuration/Poison/Air       3
Comestibles
 d - 3 bread rations
 g - a royal jelly
 o - 2 meat rations
 F - 4 fruits


   Skills:
 + Level 4.1(9.1) Fighting
 + Level 3.4(8.4) Armour
 - Level 1.5(6.5) Dodging
 - Level 2.4(7.4) Stealth
 * Level 8.8(13.8) Unarmed Combat
 - Level 2.1 Spellcasting
   Level 1.0 Transmutations
 - Level 3.0 Earth Magic
 + Level 4.4 Invocations


You had 11 spell levels left.
You knew the following spells:

 Your Spells              Type           Power        Failure   Level  Hunger
a - Sandblast             Erth           ##....       32%         1    #......


Dungeon Overview and Level Annotations

Branches:
Dungeon (7/15)             Temple (0/1) D:7

Altars:
Kikubaaqudgha
Nemelex Xobeh
Okawaru

Annotations:
D:3 SedStubbie's ghost, amateur DgEE


Innate Abilities, Weirdness & Mutations

You have razor-sharp teeth.
Your natural rate of healing is unusually fast.
When hurt, damage is shared between your health and your magic reserves.
Your bite disrupts and absorbs the magic of your enemies.
Potions cannot restore your health.
You are immune to rotting.
You are agile. (Dex +2)
You can translocate small distances at will.


Message History

The orc warrior is severely wounded.
You closely miss the orc warrior.
You bite the orc warrior, but do no damage.
The orc warrior is severely wounded.
The iguana closely misses you.
The orc warrior hits you with a long sword!
* * * LOW HITPOINT WARNING * * *
You hit the orc warrior but do no damage.
Your bite misses the orc warrior.
The orc warrior is heavily wounded.
The iguana barely misses you.
You punch the orc warrior!
The orc warrior is almost dead.
The orc warrior hits you with a long sword!
* * * LOW HITPOINT WARNING * * *
The iguana closely misses you.
You punch the iguana!
The iguana is almost dead.
The orc warrior hits you with a long sword!
You die...

. #.....#
.####################.....#
..........................#
.................)........#
...............)..........#
...............)..........#
..........................#
..............o###'##.....#
...............l@...#.....#
..............o#o...#.....#
..........#'####....#.....#
'####.....#.........#.....#
....#.....#...#######.....#
....#.....#...#...........#
....#.....#...#...........#
....#.....#...#...[.......#
)...#.....#...#...........#


You could see an orc warrior, an iguana and 2 orcs.

Vanquished Creatures
  A troll (D:5)
  A sky beast (D:5)
  A necrophage (D:6)
  2 ogres (D:4)
  2 centaurs
  A big kobold (D:7)
  A bullfrog (D:6)
  2 scorpions
  4 crimson imps
  5 hounds
  2 orc priests (D:3)
  2 orc wizards
  A gnoll shaman (D:7)
  2 jellies (D:7)
  A bullfrog skeleton (D:5)
  Terence (D:3)
  Natasha (twice) (D:2)
  4 worker ants
  A hound zombie (D:6)
  A hound skeleton (D:6)
  15 gnolls
  A howler monkey zombie (D:7)
  7 adders
  A shadow imp (D:4)
  2 oozes
  2 adder skeletons (D:5)
  An adder zombie (D:7)
  3 worms
  6 dart slugs
  5 leopard geckos
  11 orcs
  13 bats
  3 giant cockroaches
  5 goblins
  10 hobgoblins
  14 jackals
  4 quokkas
  7 frilled lizards
  18 kobolds
  8 rats
173 creatures vanquished.

Notes
Turn   | Place    | Note
-------+----------+-------------------------------------------
     0 | D:1      | zhorgal the Vine Stalker Earth Elementalist began the quest for the Orb.
     0 | D:1      | Reached XP level 1. HP: 9/9 MP: 4/4
   245 | D:1      | Reached skill level 1 in Unarmed Combat
   306 | D:1      | Reached XP level 2. HP: 11/13 MP: 6/6
   649 | D:1      | Reached skill level 2 in Unarmed Combat
   691 | D:1      | Found an iron altar of Okawaru.
   710 | D:1      | Became a worshipper of Warmaster Okawaru
  1043 | D:1      | Reached XP level 3. HP: 13/16 MP: 5/7
  2314 | D:2      | Reached skill level 3 in Unarmed Combat
  3118 | D:2      | Noticed Natasha
  3123 | D:2      | Killed Natasha
  3123 | D:2      | Gained mutation: Your natural rate of healing is unusually fast. [Vine Stalker growth]
  3123 | D:2      | Reached XP level 4. HP: 6/21 MP: 0/8
  3216 | D:2      | Reached skill level 4 in Unarmed Combat
  3528 | D:2      | Reached XP level 5. HP: 24/24 MP: 6/9
  3807 | D:2      | Reached skill level 5 in Unarmed Combat
  4172 | D:2      | Noticed Natasha
  4183 | D:2      | Killed Natasha
  4544 | D:3      | Reached XP level 6. HP: 27/28 MP: 0/10
  4682 | D:3      | Noticed Terence
  4722 | D:3      | Killed Terence
  4934 | D:3      | Reached skill level 6 in Unarmed Combat
  4943 | D:3      | Reached * piety under Okawaru
  5300 | D:3      | Noticed SedStubbie's ghost (amateur DgEE)
  5392 | D:3      | Found an ancient bone altar of Kikubaaqudgha.
  5526 | D:4      | Gained mutation: You can translocate small distances at will. [potion of mutation]
  5526 | D:4      | Gained mutation: You are agile. (Dex +2) [potion of mutation]
  5669 | D:4      | Reached skill level 1 in Fighting
  5669 | D:4      | Reached skill level 1 in Invocations
  5690 | D:4      | Reached XP level 7. HP: 33/33 MP: 8/11
  5696 | D:4      | Reached skill level 1 in Armour
  6185 | D:5      | Entered Level 5 of the Dungeon
  6385 | D:5      | Reached skill level 7 in Unarmed Combat
  6385 | D:5      | Gained mutation: You have razor-sharp teeth. [Vine Stalker growth]
  6385 | D:5      | Reached XP level 8. HP: 35/39 MP: 10/12
  6819 | D:5      | Noticed a troll
  6832 | D:5      | Killed a troll
  6832 | D:5      | Reached ** piety under Okawaru
  7626 | D:6      | Got a shimmering long sword
  7667 | D:6      | Reached skill level 8 in Unarmed Combat
  7726 | D:6      | Found a sparkling altar of Nemelex Xobeh.
  7732 | D:6      | Got a transparent robe
  7854 | D:6      | Reached XP level 9. HP: 39/44 MP: 13/13
  8123 | D:6      | Reached *** piety under Okawaru
  8520 | D:7      | Found a staircase to the Ecumenical Temple.
  8739 | D:7      | Slain by an orc warrior

Skill      XL: |  1  2  3  4  5  6  7  8  9 |
---------------+----------------------------+-----
Unarmed Combat | 1 2 3 4 5 6 7 8 |  8.8
Fighting       | 1 2 3 4 |  4.1
Invocations    | 1 2 3 4 |  4.4
Armour         | 1 3 |  3.4
Dodging        | |  1.5
Stealth        | |  2.4
Spellcasting   | |  2.1
Transmutations | |  1.0
Earth Magic    | |  3.0

Action                   |  1- 3 |  4- 6 |  7- 9 || total
-------------------------+-------+-------+-------++-------
Melee: Unarmed           |   137 |   220 |   312 ||   669
       Bite              |    30 |    47 |    80 ||   157
       Punch             |     1 |     3 |    12 ||    16
 Cast: Sandblast         |    17 |    40 |       ||    57
Invok: Heroism           |       |     2 |     9 ||    11
  Use: Potion            |       |     8 |       ||     8
       Scroll            |       |     2 |     1 ||     3
 Stab: Sleeping          |     3 |     2 |       ||     5
  Eat: Chunk             |     7 |     9 |    10 ||    26
Armor: Robe              |    16 |    15 |       ||    31
       Chain mail        |       |    60 |   188 ||   248
       Skin              |       |     6 |       ||     6
Dodge: Dodged            |    79 |    99 |   104 ||   282
